 Dungeon Crawl Stone Soup version 0.17-a0-1914-gde4187c (console) character file.

197 rchandra the Cudgeler (level 5, -1/54 HPs)
             Began as an Ogre Wanderer on Sept 27, 2015.
             Slain by an orc
             ... wielding a +0 flail
              (9 damage)
             ... on level 3 of the Dungeon.
             The game lasted 00:08:23 (3781 turns).

rchandra the Cudgeler (Ogre Wanderer)               Turns: 3781, Time: 00:08:23

Health: -1/54      AC:  3    Str: 19    XL:     5   Next: 75%
Magic:  8/8        EV:  9    Int:  9    God:
Gold:   114        SH:  0    Dex: 10    Spells: 2 memorised, 4 levels left

rFire  . . .     SeeInvis .     v - +0 mace
rCold  . . .     Clarity  .     d - +0 robe
rNeg   . . .     SustAt   .     (no shield)
rPois  .         Gourm    .     (helmet restricted)
rElec  .         Spirit   .     (no cloak)
rCorr  .         Warding  .     (gloves unavailable)
rMut   .         Stasis   .     (boots unavailable)
MR     .....                    (no amulet)
Stlth  +.........               (no ring)
                                (no ring)

@: repel missiles, not resistant to hostile enchantments, very unstealthy
A: unfitting armour, tough skin 1
a: no special abilities


You were on level 3 of the Dungeon.
You were hungry.

You visited 1 branch of the dungeon, and saw 3 of its levels.

You collected 114 gold pieces.

Inventory:

Hand weapons
 a - a +2 dagger
 g - a cursed +0 hand axe
 k - a +0 whip
 p - a +0 dagger of speed
   (You took it off a kobold on level 1 of the Dungeon)
 v - a +0 mace (weapon)
Missiles
 u - 7 javelins
 z - 7 needles of confusion
 A - 60 stones (quivered)
Armour
 d - a +0 robe (worn)
Jewellery
 h - an uncursed ring of poison resistance {unknown}
   (You found it on level 1 of the Dungeon)
 o - a +4 ring of protection {unknown}
   (You took it off a kobold on level 1 of the Dungeon)
 r - an uncursed ring of protection from magic {unknown}
   (You found it on level 1 of the Dungeon)
 t - a cursed ring of loudness {unknown}
   (You found it on level 2 of the Dungeon)
Scrolls
 b - a scroll of blinking
 i - a scroll of enchant weapon {unknown}
 l - a scroll of fog {unknown}
 s - 2 scrolls of immolation {unknown}
 w - 4 scrolls of remove curse {unknown}
 x - a scroll of identify {unknown}
 y - a scroll of recharging {unknown}
 B - a scroll of teleportation {unknown}
 G - a scroll of magic mapping {unknown}
 H - a scroll of random uselessness {unknown}
 I - a scroll of amnesia {unknown}
Potions
 n - a potion of flight {unknown}
 D - 2 potions of heal wounds {unknown}
 E - a potion of berserk rage {unknown}
 F - a potion of agility {unknown}
Books
 c - the Handbook of Gliding Aid

   Spells                             Type                      Level
   a - Repel Missiles                 Charms/Air                   2
   b - Swiftness                      Charms/Air                   2
Comestibles
 e - 2 bread rations
 f - 2 fruits
 j - a royal jelly
 m - 3 meat rations
 q - a beef jerky


   Skills:
 - Level 4.0 Fighting
 * Level 4.8 Maces & Flails
   Level 1.0 Polearms
 + Level 2.6 Throwing
 - Level 1.0 Dodging
 - Level 1.0 Stealth
 - Level 2.4 Spellcasting
   Level 1.0 Hexes
   Level 1.3 Summonings


You had 4 spell levels left.
You knew the following spells:

 Your Spells              Type           Power        Failure   Level  Hunger
m - Repel Missiles        Chrm/Air       #.....       52%         2    ###....
s - Swiftness             Chrm/Air       #.......     52%         2    ###....


Dungeon Overview and Level Annotations

Branches:
Dungeon (3/15)

Altars:


Innate Abilities, Weirdness & Mutations

You are too large for most types of armour.
You have tough skin (AC +1).


Message History

* * * LOW HITPOINT WARNING * * *
You take 7 damage, and have 6/54 hp.
Unknown command.
The orc hits you with a flail.
* * * LOW HITPOINT WARNING * * *
You take 3 damage, and have 4/54 hp.
Unknown command.
You see here a scale mail.
You are feeling hungry.
Things that are here:
a club; an animal skin; a runed helmet All of the chunks of flesh in your inventory have rotted away.
Things that are here:
a club; a dagger; a club
There is an escape hatch in the ceiling here.
You barely miss the orc. The orc hits you with a flail.
* * * LOW HITPOINT WARNING * * *
You take 1 damage, and have 11/54 hp.
You hit the orc.
The orc is severely wounded.
The orc hits you with a flail.
* * * LOW HITPOINT WARNING * * *
You take 3 damage, and have 8/54 hp.
Unknown command.
You hit the orc.
The orc is almost dead.
The orc hits you but does no damage.
You completely miss the orc.
The orc is almost dead.
The orc hits you with a flail.
* * * LOW HITPOINT WARNING * * *
You take 2 damage, and have 6/54 hp.
You barely miss the orc.
The orc is almost dead.
The orc completely misses you.
You closely miss the orc.
The orc is almost dead.
The orc closely misses you.
You aren't carrying any items that can be evoked.
You completely miss the orc.
The orc is almost dead.
The orc hits you but does no damage.
You closely miss the orc.
The orc is almost dead.
The orc closely misses you.
You closely miss the orc.
The orc is almost dead.
The orc closely misses you. The orc hits you with a flail!
You die...

#.# ##.###..# #.# #.# #..#
#.# #.# #..###### #.# #.#
#.......#
#.#############.###.#####.#
#(..................# #.#
###############.##### #.#
#.# #.# #ΞΆ# #.# #o# #.#
#.# #.# #.# #.# #.# #.# #.#
#.# #.#########.#
#.........#.######
#########....).)..


You could see an orc.

Vanquished Creatures
  An orc priest (D:3)
  Jessica (D:3)
  Terence (D:2)
  Robin (D:3)
  3 adders (D:2 D:3)
  2 oozes (D:1)
  2 worms (D:3)
  A giant gecko (D:3)
  3 orcs (D:3)
  2 ball pythons (D:1 D:3)
  10 bats (D:1 D:2 D:3)
  3 giant cockroaches (D:2 D:3)
  6 hobgoblins (D:1 D:2 D:3)
  4 jackals (D:2)
  5 kobolds (D:1 D:2)
  5 giant newts (D:1 D:3)
  12 goblins (D:1 D:2 D:3)
  2 quokkas (D:2)
  4 rats (D:1 D:3)
68 creatures vanquished.

Notes
Turn   | Place    | Note
--------------------------------------------------------------
     0 | D:1      | rchandra the Ogre Wanderer began the quest for the Orb.
     0 | D:1      | rchandra set off with: a +2 dagger, a scroll of blinking, the Handbook of Gliding Aid, a +0 robe, a bread ration, a !bad item (cl:100,ty:0,pl:0,pl2:0,sp:0,qu:0), a !bad item (cl:100,ty:0,pl:0,pl2:0,sp:0,qu:0), a !bad item (cl:100,ty:0,pl:0,pl2:0,sp:0,qu:0), a !bad item (cl:100,ty:0,pl:0,pl2:0,sp:0,qu:0), a !bad item (cl:100,ty:0,pl:0,pl2:0,sp:0,qu:0), a !bad item (cl:100,ty:0,pl:0,pl2:0,sp:0,qu:0), a !bad item (cl:100,ty:0,pl:0,pl2:0,sp:0,qu:0), a !bad item (cl:100,ty:0,pl:0,pl2:0,sp:0,qu:0), a !bad item (cl:100,ty:0,pl:0,pl2:0,sp:0,qu:0), a !bad item (cl:100,ty:0,pl:0,pl2:0,sp:0,qu:0), a !bad item (cl:100,ty:0,pl:0,pl2:0,sp:0,qu:0), a !bad item (cl:100,ty:0,pl:0,pl2:0,sp:0,qu:0), a !bad item (cl:100,ty:0,pl:0,pl2:0,sp:0,qu:0), a !bad item (cl:100,ty:0,pl:0,pl2:0,sp:0,qu:0), a !bad item (cl:100,ty:0,pl:0,pl2:0,sp:0,qu:0), a !bad item (cl:100,ty:0,pl:0,pl2:0,sp:0,qu:0), a !bad item (cl:100,ty:0,pl:0,pl2:0,sp:0,qu:0), a !bad item (cl:100,ty:0,pl:0,pl2:0,sp:0,qu:0), a !bad item (cl:100,ty:0,pl:0,pl2:0,sp:0,qu:0), a !bad item (cl:100,ty:0,pl:0,pl2:0,sp:0,qu:0), a !bad item (cl:100,ty:0,pl:0,pl2:0,sp:0,qu:0), a !bad item (cl:100,ty:0,pl:0,pl2:0,sp:0,qu:0), a !bad item (cl:100,ty:0,pl:0,pl2:0,sp:0,qu:0), a !bad item (cl:100,ty:0,pl:0,pl2:0,sp:0,qu:0), a !bad item (cl:100,ty:0,pl:0,pl2:0,sp:0,qu:0), a !bad item (cl:100,ty:0,pl:0,pl2:0,sp:0,qu:0), a !bad item (cl:100,ty:0,pl:0,pl2:0,sp:0,qu:0), a !bad item (cl:100,ty:0,pl:0,pl2:0,sp:0,qu:0), a !bad item (cl:100,ty:0,pl:0,pl2:0,sp:0,qu:0), a !bad item (cl:100,ty:0,pl:0,pl2:0,sp:0,qu:0), a !bad item (cl:100,ty:0,pl:0,pl2:0,sp:0,qu:0), a !bad item (cl:100,ty:0,pl:0,pl2:0,sp:0,qu:0), a !bad item (cl:100,ty:0,pl:0,pl2:0,sp:0,qu:0), a !bad item (cl:100,ty:0,pl:0,pl2:0,sp:0,qu:0), a !bad item (cl:100,ty:0,pl:0,pl2:0,sp:0,qu:0), a !bad item (cl:100,ty:0,pl:0,pl2:0,sp:0,qu:0), a !bad item (cl:100,ty:0,pl:0,pl2:0,sp:0,qu:0), a !bad item (cl:100,ty:0,pl:0,pl2:0,sp:0,qu:0), a !bad item (cl:100,ty:0,pl:0,pl2:0,sp:0,qu:0), a !bad item (cl:100,ty:0,pl:0,pl2:0,sp:0,qu:0), a !bad item (cl:100,ty:0,pl:0,pl2:0,sp:0,qu:0), a !bad item (cl:100,ty:0,pl:0,pl2:0,sp:0,qu:0), a !bad item (cl:100,ty:0,pl:0,pl2:0,sp:0,qu:0), a !bad item (cl:100,ty:0,pl:0,pl2:0,sp:0,qu:0), a !bad item (cl:100,ty:0,pl:0,pl2:0,sp:0,qu:0), a !bad item (cl:100,ty:0,pl:0,pl2:0,sp:0,qu:0), a !bad item (cl:100,ty:0,pl:0,pl2:0,sp:0,qu:0)
     0 | D:1      | Reached XP level 1. HP: 19/19 MP: 3/3
     0 | D:1      | Identified the Handbook of Gliding Aid
   132 | D:1      | Reached skill level 2 in Fighting
   347 | D:1      | Reached XP level 2. HP: 29/29 MP: 5/5
   368 | D:1      | Learned a level 2 spell: Repel Missiles
   372 | D:1      | Learned a level 2 spell: Swiftness
   515 | D:1      | Reached skill level 3 in Fighting
   715 | D:1      | Reached skill level 1 in Maces & Flails
   776 | D:1      | Reached XP level 3. HP: 34/37 MP: 6/6
  1195 | D:2      | Reached skill level 2 in Maces & Flails
  1789 | D:2      | Reached XP level 4. HP: 43/48 MP: 7/7
  1980 | D:2      | Reached skill level 3 in Maces & Flails
  2507 | D:3      | Reached skill level 4 in Fighting
  2706 | D:3      | Noticed Jessica
  2709 | D:3      | Noticed Terence
  2880 | D:2      | Killed Terence
  3096 | D:3      | Killed Jessica
  3096 | D:3      | Reached skill level 4 in Maces & Flails
  3096 | D:3      | Reached skill level 2 in Throwing
  3096 | D:3      | Reached XP level 5. HP: 47/54 MP: 8/8
  3505 | D:3      | Noticed Robin
  3531 | D:3      | Killed Robin
  3781 | D:3      | Slain by an orc

Vault maps used:
D:1:      matt_arrival_refuge
D:3:      first_bread, uniq_crazy_yiuf_cottage, uniq_terence, uniq_robin,
          uniq_jessica

Action                   |  1- 3 |  4- 6 || total
-------------------------+-------+-------++-------
Melee: Dagger            |   102 |       ||   102
       Mace              |       |   170 ||   170
 Cast: Repel Missiles    |     1 |       ||     1
       Swiftness         |       |     1 ||     1
  Eat: Chunk             |     3 |     6 ||     9

Vault maps used:
D:1:      matt_arrival_refuge
D:3:      first_bread, uniq_crazy_yiuf_cottage, uniq_terence, uniq_robin,
          uniq_jessica
